AoeStats
← King Bili

Arabia

508022750Analyzed
2v2 RM · 10d ago on Sep 20, 2026· 50m 16s· 4 players
Game mode
Random Map
Map size
Medium (4 player)
Population
200
Speed
Normal
Resources
Standard
Victory
Conquest
Starting age
Dark Age
Ending age
Imperial Age
RankedLock teamsTeams togetherTeam positionsShared explorationLock speedFull tech treeHidden civsTurbo modeCheats
Victory
Defeat
🇹🇷 Vietnamese · Türkiye
1104
+17
🇹🇷 Franks · Türkiye
1097
+18
🇨🇱 Mongols · Chile
1176
-20
🇩🇪 Britons · Germany
1084
-15
pacmon
8:04 Loom
8:26 Loom
10:46 Feudal Age
15:00 Castle Age
13:07 Double-Bit Axe
13:58 Horse Collar
16:02 Bow Saw
16:37 Scale Barding Armor
17:43 Wheelbarrow
20:58 Husbandry
21:35 Forging
24:10 Town Watch
24:29 Gold Mining
24:34 Stone Mining
26:27 Bloodlines
27:12 Chain Barding Armor
29:46 Hand Cart
29:50 Heavy Plow
29:57 Fletching
30:44 Bodkin Arrow
31:02 Padded Archer Armor
33:00 Ballistics
33:35 Thumb Ring
34:17 Leather Archer Armor
36:12 Chatras
37:06 Iron Casting
39:44 Imperial Age
37:59 Iron Casting
36:48 Light Cavalry
39:49 Elite Rattan Archer
39:58 Elite Battle Elephant
41:04 Bracer
42:06 Chemistry
42:08 Paper Money
42:22 Siege Engineers
43:20 Ring Archer Armor
46:24 Plate Barding Armor
47:40 Squires
47:00 Elite Fire Lancer
taco
8:34 Loom
11:01 Feudal Age
19:39 Castle Age
21:06 Double-Bit Axe
22:04 Husbandry
22:30 Bow Saw
22:31 Scale Barding Armor
25:29 Forging
28:34 Chain Barding Armor
44:07 Light Cavalry
King Bili
3:27 Loom
10:41 Feudal Age
14:42 Castle Age
13:42 Double-Bit Axe
14:22 Fletching
21:48 Bodkin Arrow
23:01 Horse Collar
25:27 Ballistics
25:28 Husbandry
30:20 Padded Archer Armor
33:35 Heavy Plow
33:45 Bow Saw
33:53 Bloodlines
39:55 Wheelbarrow
39:07 Town Watch
39:44 Gold Mining
46:04 Imperial Age
43:53 Hand Cart
43:48 Light Cavalry
44:39 Forging
45:45 Scale Barding Armor
46:16 Iron Casting
47:26 Drill
48:03 Chain Barding Armor
49:23 Blast Furnace
48:38 Hussar
49:24 Heavy Camel Rider
Barbarossa
6:37 Loom
11:08 Feudal Age
11:52 Double-Bit Axe
14:46 Gold Mining
15:50 Fletching
17:35 Horse Collar
20:02 Padded Archer Armor
21:46 Wheelbarrow
21:58 Scale Barding Armor
21:54 Scale Mail Armor
24:28 Castle Age
24:48 Forging
24:24 Town Watch
25:34 Bow Saw
25:26 Heavy Plow
24:54 Crossbowman
25:36 Squires
25:48 Stone Mining
28:08 Pikeman
29:37 Bodkin Arrow
31:37 Ballistics
33:21 Iron Casting
33:47 Town Patrol
34:32 Elite Skirmisher
35:39 Hand Cart
37:13 Masonry
42:56 Imperial Age
41:53 Leather Archer Armor
42:47 Yeomen
45:54 Blast Furnace
45:00 Scale Barding Armor
45:03 Husbandry
44:26 Cavalier
Connection lost

Rejoining the realm…

Still unreachable

The connection could not be restored.

Session expired

The server has moved on; the page needs a fresh start.